Map: Blackburn LE

Players

Neeb - Winner!

  • Race: Protoss Protoss

Scarlett

  • Race: Zerg Zerg

Event: DreamHack SC2 Masters 2021 Fall

VOD

Have the link to the VOD?

Description

Time

  • Played on: Aug. 14, 2021, 4:45 p.m.
  • Length: 27:28

All games in this series

Show
View Real Time Build Order
Export as new Build Order

Neeb Protoss - Winner!

Build Orders: 1 Gate Expand, Oracle Opening, Archon Immortal 

Get SALT Encoding   

  12  0:00  Probe  
  13  0:12  Probe  
  14  0:19  Pylon  
  14  0:24  Probe  
  15  0:37  Probe (Chrono Boost)  
  15  0:41  Gateway  
  16  0:47  Probe (Chrono Boost)  
  16  0:49  Assimilator  
  17  0:52  Probe (Chrono Boost)  
  18  1:04  Probe  
  19  1:16  Probe  
  20  1:28  Nexus  
  20  1:36  Cybernetics Core  
  21  1:40  Probe  
  21  1:47  Assimilator  
  21  1:52  Probe  
  22  1:55  Pylon  
  22  2:04  Probe (Chrono Boost)  
  23  2:13  Adept  
  23  2:14  Probe (Chrono Boost)  
  23  2:15  Warp Gate  
  26  2:19  Probe (Chrono Boost)  
  28  2:30  Probe (Chrono Boost)  
  28  2:33  Stargate  
  28  2:39  Probe (Chrono Boost)  
  28  2:42  Probe (Chrono Boost)  
  28  2:43  Adept  
  32  2:49  Probe x2 (Chrono Boost)  
  34  2:54  Probe (Chrono Boost)  
  34  2:57  Probe  
  36  3:03  Pylon  
  36  3:06  Probe  
  36  3:07  Void Ray (Chrono Boost)  
  36  3:09  Probe  
  38  3:12  Adept  
  38  3:18  Probe  
  45  3:21  Probe  
  45  3:25  Gateway  
  46  3:30  Probe  
  46  3:33  Pylon  
  47  3:35  Probe  
  47  3:40  Oracle (Chrono Boost)  
  48  3:44  Probe  
  48  3:45  Pylon  
  48  3:47  Probe  
  53  3:59  Twilight Council  
  53  4:00  Gateway  
  53  4:03  Gateway  
  53  4:08  Probe x2  
  55  4:18  Nexus  
  55  4:21  Pylon  
  55  4:24  Probe  
  55  4:28  Adept  
  55  4:29  Adept  
  60  4:32  Probe  
  60  4:34  Pylon  
  60  4:35  Resonating Glaives (Chrono Boost)  
  61  4:44  Probe  
  61  4:45  Probe  
  63  4:50  Adept x2  
  67  4:54  Assimilator x2  
  67  4:55  Adept  
  67  4:59  Adept  
  71  5:00  Probe  
  71  5:01  Probe  
  73  5:12  Probe  
  73  5:13  Pylon  
  73  5:14  Adept x2  
  76  5:16  Probe  
  76  5:20  Adept x2  
  83  5:24  Probe  
  84  5:28  Probe  
  84  5:34  Robotics Facility  
  85  5:36  Robotics Facility  
  85  5:38  Adept x2  
  85  5:39  Probe  
  85  5:41  Probe  
  91  5:43  Adept  
  91  5:45  Probe  
  91  5:49  Sentry  
  96  5:51  Probe  
  96  5:56  Pylon  
  97  5:57  Probe  
  97  5:59  Probe  
  97  6:04  Probe  
  100  6:09  Probe  
  101  6:12  Probe  
  101  6:17  Forge  
  101  6:18  Probe  
  99  6:20  Assimilator, Shield Battery, Sentry  
  99  6:21  Sentry  
  99  6:24  Probe, Immortal x2 (Chrono Boost)  
  104  6:29  Probe  
  104  6:30  Pylon  
  104  6:32  Probe  
  114  6:36  Probe  
  115  6:40  Assimilator  
  115  6:41  Probe  
  116  6:48  Protoss Ground Weapons Level 1 (Chrono Boost)  
  116  6:56  Immortal x2 (Chrono Boost)  
  116  7:00  Pylon  
  124  7:06  Gateway  
  124  7:07  Gateway  
  124  7:11  Gateway  
  124  7:12  Gateway  
  124  7:13  Templar Archives  
  124  7:15  Probe  
  124  7:16  Gateway  
  124  7:18  Gateway  
  125  7:28  Pylon, Nexus  
  125  7:29  Pylon  
  125  7:30  Pylon  
  125  7:34  Warp Prism (Chrono Boost)  
  125  7:35  Observer (Chrono Boost)  
  128  7:38  Probe  
  128  7:39  Probe  
  128  7:40  Probe  
  131  7:44  Charge (Chrono Boost)  
  131  7:47  Assimilator  
  131  7:51  Assimilator, Probe x2  
  133  7:53  Probe  
  133  7:55  Pylon  
  133  7:57  Photon Cannon  
  134  7:59  High Templar  
  134  8:00  High Templar x3, Zealot  
  134  8:03  Probe  
  134  8:04  Probe  
  146  8:06  Archon  
  146  8:08  Archon, Zealot x2  
  150  8:15  Photon Cannon, Probe  
  151  8:27  Zealot x4  
  151  8:31  Zealot  
  151  8:32  Zealot  
  151  8:38  Zealot x4  
  141  8:41  Probe  
  141  8:45  Immortal (Chrono Boost)  
  136  8:53  Psionic Storm, Immortal (Chrono Boost)  
  122  8:58  Protoss Ground Weapons Level 2 (Chrono Boost)  
  122  9:02  High Templar x4  
  130  9:09  Zealot x3  
  136  9:17  Shield Battery  
  136  9:25  Immortal  
  136  9:26  Immortal  
  136  9:27  High Templar  
  136  9:28  High Templar, Zealot  
  150  9:32  Photon Cannon  
  150  9:33  Photon Cannon  
  150  9:34  Shield Battery  
  150  9:35  Archon  
  150  9:40  High Templar x2, Zealot  
  150  9:41  Zealot  
  158  9:48  Archon  
  152  9:58  Photon Cannon  
  140  10:00  Photon Cannon  
  140  10:01  Shield Battery  
  140  10:04  High Templar x2  
  140  10:05  Zealot x6  
  156  10:16  Observer  
  156  10:17  Immortal  
  161  10:21  Pylon  
  161  10:23  Pylon  
  161  10:25  Pylon  
  161  10:27  Fleet Beacon  
  161  10:28  Nexus  
  161  10:29  Stargate  
  161  10:30  Stargate  
  160  10:42  Protoss Air Weapons Level 1  
  160  10:47  High Templar x2  
  160  10:49  Zealot x5  
  174  10:50  Zealot x3  
  168  11:26  Pylon, Nexus  
  168  11:30  Zealot x4  
  168  11:31  Zealot x5  
  172  11:44  Tempest x3 (Chrono Boost)  
  148  11:59  Immortal x2 (Chrono Boost)  
  143  12:04  High Templar  
  143  12:05  High Templar  
  143  12:07  High Templar x4  
  163  12:12  Archon  
  163  12:14  Archon  
  163  12:15  High Templar x2  
  167  12:23  Shield Battery  
  167  12:25  Shield Battery  
  167  12:27  Photon Cannon  
  167  12:30  Nexus, Photon Cannon, Pylon  
  167  12:32  Pylon  
  167  12:33  Protoss Ground Weapons Level 3  
  167  12:35  Void Ray (Chrono Boost)  
  167  12:38  Void Ray (Chrono Boost)  
  175  12:46  Void Ray (Chrono Boost)  
  177  12:51  Photon Cannon  
  177  12:53  Photon Cannon  
  177  12:54  Photon Cannon  
  177  12:56  Shield Battery  
  177  13:01  Photon Cannon  
  177  13:03  Pylon, Flux Vanes  
  177  13:06  Shield Battery  
  177  13:10  Shield Battery  
  177  13:12  Shield Battery, Photon Cannon  
  177  13:23  Tempest (Chrono Boost)  
  177  13:24  Tempest (Chrono Boost)  
  177  13:25  Tempest (Chrono Boost)  
  181  13:42  Pylon  
  181  13:44  Pylon  
  181  13:50  Nexus  
  181  13:51  Protoss Air Weapons Level 2 (Chrono Boost)  
  181  13:53  Observer  
  181  13:54  Void Ray (Chrono Boost)  
  182  13:59  Void Ray (Chrono Boost)  
  182  14:00  Void Ray (Chrono Boost)  
  194  14:11  Photon Cannon  
  194  14:12  Pylon, Photon Cannon, Zealot  
  194  14:13  Shield Battery  
  192  14:17  Shield Battery  
  192  14:40  High Templar x4  
  192  14:44  Assimilator, Archon  
  200  14:45  Photon Cannon  
  200  14:46  Archon  
  200  14:47  Assimilator  
  200  14:49  Photon Cannon  
  200  14:52  Photon Cannon  
  200  14:58  Stargate  
  200  15:00  Stargate  
  200  15:03  Stargate  
  196  15:27  Pylon  
  196  15:29  Zealot  
  196  15:32  Protoss Shields Level 1 (Chrono Boost)  
  198  15:40  Unknown  
  196  15:55  Photon Cannon  
  196  16:00  Photon Cannon  
  194  16:04  Photon Cannon  
  194  16:05  Photon Cannon  
  194  16:08  Photon Cannon  
  194  16:11  Photon Cannon  
  194  16:14  Pylon, Photon Cannon  
  194  16:16  Mothership (Chrono Boost)  
  194  16:25  Protoss Air Weapons Level 3 (Chrono Boost)  
  200  16:35  Shield Battery  
  200  16:37  Shield Battery x2  
  200  16:38  Shield Battery  
  200  16:55  Nexus  
  200  17:05  Pylon  
  200  17:12  Pylon  
  197  17:25  Oracle  
  192  17:31  Shield Battery  
  192  17:32  Shield Battery  
  192  17:34  Shield Battery  
  192  17:35  Shield Battery  
  195  17:37  Shield Battery, Oracle x2  
  195  17:38  Shield Battery  
  195  17:39  Assimilator  
  195  17:40  Shield Battery  
  195  17:41  Shield Battery  
  195  17:43  Assimilator  
  198  17:45  Pylon  
  198  17:49  Pylon  
  198  17:53  Protoss Shields Level 2, Photon Cannon  
  198  17:55  Photon Cannon  
  198  17:59  Photon Cannon  
  198  18:16  Photon Cannon  
  198  18:18  Photon Cannon  
  198  18:19  Photon Cannon  
  198  18:20  Photon Cannon x2  
  198  18:21  Pylon  
  198  18:23  Photon Cannon  
  198  18:24  Pylon  
  198  18:25  Shield Battery  
  198  18:46  Shield Battery  
  198  18:47  Shield Battery  
  196  18:49  Shield Battery  
  196  19:00  Oracle  
  199  19:10  Protoss Air Armor Level 1 (Chrono Boost)  
  199  19:27  Blink  
  199  19:31  Pylon  
  197  20:07  Protoss Shields Level 3 (Chrono Boost)  
  197  20:10  Pylon  
  197  20:12  Shield Battery x2  
  197  20:14  Shield Battery  
  197  20:15  Shield Battery  
  197  20:38  Pylon  
  184  20:52  Probe x2  
  184  20:53  Probe x3  
  189  20:58  Zealot  
  188  21:04  Shield Battery  
  188  21:05  Shield Battery  
  188  21:06  Tempest x2  
  188  21:08  Shield Battery x2  
  188  21:10  Shield Battery x2, Stargate  
  198  21:11  Stargate  
  198  21:13  Stargate  
  198  21:15  Stargate  
  198  21:18  Stargate  
  198  21:25  Nexus  
  198  21:37  Pylon  
  198  22:00  Shield Battery  
  198  22:01  Shield Battery  
  198  22:03  Shield Battery  
  198  22:05  Shield Battery  
  198  22:06  Shield Battery  
  198  22:09  Photon Cannon  
  198  22:11  Photon Cannon  
  198  22:12  Shield Battery  
  198  22:16  Pylon, Protoss Air Armor Level 2 (Chrono Boost)  
  198  22:24  Observer  
  193  22:58  Protoss Ground Armor Level 1  
  177  23:23  Mothership (Chrono Boost)  
  172  23:42  High Templar x3  
  172  23:43  High Templar x2  
  172  23:45  Void Ray  
  172  23:46  Void Ray x7  
  190  24:20  Tempest x2  
  190  24:23  Tempest  
  193  24:28  Tempest x2  
  194  24:40  Tempest  
  183  25:43  Tempest x2  
  183  25:44  Tempest  
  183  25:45  Assimilator  
  183  25:47  Assimilator, Nexus  
  198  25:56  Archon  
  186  25:57  Archon  
  162  26:16  High Templar x3  
  162  26:17  High Templar x3  
  190  26:21  Void Ray x2  
  190  26:22  Void Ray x9  
  190  26:28  Nexus  
  190  26:30  Assimilator, Pylon  
  198  26:36  Assimilator  
  191  27:19  Archon  
  191  27:20  Archon  
Show
View Real Time Build Order
Export as new Build Order

Scarlett Zerg 

Build Orders: Hatch First, Lurkers 

Get SALT Encoding   

  12  0:00  Drone  
  13  0:12  Overlord  
  13  0:16  Drone  
  14  0:30  Drone x2  
  16  0:44  Drone  
  17  0:51  Hatchery  
  17  0:54  Drone  
  17  0:57  Drone  
  18  1:08  Extractor  
  17  1:15  Spawning Pool  
  17  1:17  Drone  
  17  1:20  Drone  
  18  1:28  Drone  
  19  1:38  Drone  
  20  1:48  Overlord  
  20  2:01  Queen  
  20  2:03  Queen, Drone  
  20  2:04  Zergling x2  
  26  2:10  Metabolic Boost  
  26  2:11  Drone  
  27  2:16  Drone  
  28  2:23  Drone  
  28  2:27  Drone  
  30  2:35  Hatchery  
  29  2:38  Drone  
  29  2:43  Drone  
  29  2:44  Drone  
  32  2:52  Overlord  
  32  2:53  Queen  
  34  2:58  Drone x2  
  36  3:09  Queen  
  36  3:12  Drone x3  
  41  3:14  Drone  
  41  3:17  Overlord  
  42  3:20  Drone x2  
  42  3:26  Overlord  
  44  3:33  Overlord  
  44  3:37  Queen  
  44  3:39  Drone x2  
  48  3:42  Overlord  
  48  3:45  Zergling x2  
  48  3:47  Queen  
  51  3:49  Drone  
  51  3:53  Drone x2  
  54  3:59  Queen, Spore Crawler  
  54  4:02  Zergling x2  
  56  4:03  Drone  
  56  4:08  Drone  
  56  4:09  Drone  
  58  4:10  Drone x2  
  60  4:18  Drone  
  60  4:19  Drone x3  
  64  4:27  Overlord x2  
  64  4:32  Extractor x2  
  64  4:33  Roach Warren  
  61  4:42  Drone x7  
  65  4:50  Drone x3  
  67  4:54  Drone x3  
  67  4:56  Queen  
  72  5:01  Overlord  
  72  5:02  Lair  
  72  5:05  Extractor  
  69  5:09  Evolution Chamber  
  69  5:10  Drone x6  
  74  5:14  Drone x3  
  74  5:17  Overlord  
  77  5:27  Zergling x8  
  81  5:29  Roach x3  
  81  5:33  Spore Crawler  
  85  5:36  Roach x3  
  85  5:37  Zergling x2  
  85  5:41  Roach  
  85  5:42  Roach  
  96  5:46  Evolution Chamber  
  96  5:48  Roach  
  97  5:51  Overlord  
  97  5:52  Overlord  
  97  5:58  Evolution Chamber  
  97  5:59  Zerg Missile Weapons Level 1, Glial Reconstitution  
  97  6:01  Extractor x2  
  95  6:09  Hatchery  
  94  6:11  Drone x6  
  94  6:16  Drone x3  
  101  6:20  Evolution Chamber  
  101  6:25  Drone x5  
  105  6:28  Drone  
  105  6:31  Drone  
  108  6:36  Overseer  
  108  6:39  Evolution Chamber  
  107  6:40  Drone x7  
  114  6:49  Spore Crawler, Overlord, Infestation Pit  
  114  6:50  Overlord  
  114  6:51  Hydralisk Den  
  114  6:53  Evolution Chamber  
  110  7:00  Overlord x2  
  110  7:06  Drone x3  
  113  7:12  Drone x8  
  122  7:16  Spore Crawler  
  122  7:18  Overlord  
  122  7:19  Overlord  
  122  7:22  Roach x2  
  125  7:27  Lurker Den  
  125  7:28  Hive  
  125  7:29  Drone  
  125  7:32  Drone x2  
  127  7:41  Roach x8  
  127  7:43  Overseer  
  143  7:48  Overseer  
  143  7:49  Overlord x4  
  143  7:55  Extractor x2  
  143  7:57  Drone x3  
  144  8:01  Zerg Missile Weapons Level 2  
  144  8:02  Hatchery  
  144  8:03  Drone  
  144  8:04  Evolution Chamber  
  143  8:13  Roach x9  
  143  8:18  Ravager x13  
  143  8:19  Ravager  
  175  8:20  Roach  
  175  8:22  Roach  
  175  8:23  Roach  
  181  8:28  Roach  
  181  8:29  Roach x4  
  181  8:32  Roach x2  
  179  8:39  Roach x3  
  179  8:40  Roach  
  168  8:51  Roach x6  
  166  9:03  Seismic Spines  
  166  9:04  Extractor  
  166  9:09  Queen  
  165  9:10  Overlord  
  165  9:14  Zerg Ground Armor Level 1  
  167  9:18  Spine Crawler  
  166  9:24  Viper  
  166  9:25  Viper  
  166  9:29  Drone x2  
  174  9:35  Roach x7  
  174  9:36  Extractor  
  174  9:37  Extractor  
  186  9:42  Drone  
  186  9:43  Drone, Spine Crawler x2  
  186  9:47  Overlord x2  
  171  10:00  Adaptive Talons  
  171  10:01  Hydralisk x12  
  195  10:18  Zerg Missile Weapons Level 3  
  195  10:25  Drone x3  
  198  10:28  Spore Crawler  
  198  10:29  Spore Crawler  
  198  10:30  Spore Crawler  
  198  10:32  Lurker x4  
  198  10:35  Spore Crawler, Spine Crawler  
  198  10:41  Lurker x2  
  199  10:45  Overseer x3  
  199  11:09  Zerg Ground Armor Level 2  
  199  11:23  Drone  
  199  11:24  Spine Crawler  
  199  11:27  Spine Crawler  
  194  11:36  Hydralisk x6  
  193  11:48  Hydralisk x9  
  156  11:58  Hydralisk x9  
  156  12:01  Muscular Augments  
  160  12:11  Lurker  
  160  12:12  Lurker x2  
  164  12:15  Drone x2  
  164  12:17  Roach  
  164  12:18  Roach x7  
  181  12:26  Lurker  
  181  12:27  Lurker  
  183  12:34  Lurker x2  
  185  12:40  Extractor, Hatchery  
  185  12:42  Extractor  
  182  12:49  Lurker x4  
  186  12:53  Drone x4  
  186  12:54  Drone x2  
  186  12:57  Hatchery  
  191  12:59  Lurker  
  191  13:00  Lurker  
  193  13:12  Grooved Spines  
  183  13:20  Pneumatized Carapace  
  183  13:23  Spire  
  170  13:28  Hydralisk x11  
  190  13:59  Hydralisk  
  190  14:00  Hydralisk x4  
  200  14:05  Zerg Melee Weapons Level 1, Zerg Ground Armor Level 3, Adrenal Glands  
  197  14:37  Greater Spire  
  197  14:38  Spire  
  196  14:58  Hydralisk x2  
  188  15:12  Corruptor  
  188  15:13  Corruptor x11  
  183  15:24  Lurker x2  
  183  15:25  Lurker x2  
  187  15:29  Corruptor x6  
  187  15:35  Lurker  
  200  15:38  Overseer x3  
  200  15:49  Overseer x2  
  200  16:12  Spine Crawler  
  200  16:13  Zerg Melee Weapons Level 2, Zerg Flyer Weapons Level 1  
  200  16:14  Spore Crawler  
  198  16:25  Drone x2  
  200  16:27  Spore Crawler  
  200  16:28  Burrow, Pathogen Glands  
  199  17:05  Zerg Flyer Armor Level 1  
  199  17:16  Drone  
  197  17:24  Neural Parasite  
  197  17:28  Viper  
  198  17:42  Corruptor  
  200  17:51  Extractor  
  199  17:52  Extractor  
  198  17:59  Infestor  
  200  18:14  Zerg Flyer Weapons Level 2  
  195  18:52  Spine Crawler  
  195  18:54  Spine Crawler  
  193  18:59  Viper x2  
  199  19:08  Zerg Flyer Armor Level 2  
  180  19:14  Overlord x2  
  180  19:16  Infestor x6  
  192  19:18  Overlord x2  
  192  19:39  Overseer  
  192  19:58  Zerg Melee Weapons Level 3  
  174  20:22  Ultralisk Cavern  
  173  20:31  Zerg Flyer Weapons Level 3  
  169  20:52  Brood Lord x8  
  169  20:53  Corruptor  
  169  20:54  Corruptor x6  
  199  21:04  Drone  
  190  21:05  Drone x2  
  190  21:10  Chitinous Plating  
  190  21:13  Overseer x2  
  190  21:15  Overseer  
  186  21:54  Corruptor  
  186  21:55  Corruptor x6  
  186  21:59  Spore Crawler  
  186  22:00  Spore Crawler  
  198  22:29  Anabolic Synthesis  
  198  22:36  Overlord  
  198  22:37  Overlord x2  
  195  22:54  Lair, Spire  
  195  22:55  Infestation Pit  
  195  22:57  Spawning Pool  
  192  23:04  Corruptor x2  
  192  23:05  Corruptor x2  
  183  23:06  Corruptor x4  
  183  23:10  Overseer x2  
  154  23:53  Hive  
  154  24:02  Infestor x3  
  151  24:03  Infestor x4  
  160  24:27  Corruptor x11  
  160  24:29  Zergling x26  
  195  24:58  Zergling x10  
  200  25:03  Extractor  
  130  26:02  Zergling x18  
  138  26:08  Spire  
  131  26:16  Queen  
  131  26:21  Infestor  
  131  26:23  Extractor  
  132  26:30  Extractor, Hatchery  
  132  26:31  Drone  
  132  26:32  Extractor  
  130  26:40  Zergling x14  

Tags
 
Add a new tag
Caveats
  • Supply blocks, unpowered buildings, or Contaminate may cause inaccurate times.
  • Supply counts are checked every 10 seconds.